 Dungeon Crawl Stone Soup version 0.28.0-43-g3370ac3207 (webtiles) character file.

Game seed: 15354587718601797987

525 jimonade the Magician (level 7, 0/55 HPs)
             Began as a Purple Draconian Hedge Wizard on Mar 11, 2022.
             Splashed by a jelly's acid (2 damage)
             ... on level 6 of the Dungeon on Mar 12, 2022.
             The game lasted 00:31:39 (5921 turns).

jimonade the Magician (DrWz)                        Turns: 5921, Time: 00:31:40

Health: 0/55       AC:  6    Str: 12    XL:     7   Next: 2%
Magic:  12/16      EV: 12    Int: 22    God:
Gold:   150        SH:  0    Dex: 11    Spells: 16/19 levels left

rFire   . . .      SeeInvis .   E - +2 dagger (venom)
rCold   . . .      Faith    .   (no shield)
rNeg    . . .      Spirit   .   (armour unavailable)
rPois   +          Reflect  .   b - +0 hat
rElec   .          Harm     .   (no cloak)
rCorr   .          Rampage  .   (no gloves)
Will    +....                   (no boots)
Stlth   ++........              (no amulet)
HPRegen 0.18/turn               f - +6 ring of intelligence
MPRegen 0.15/turn               (no ring)

@: no status effects
A: breathe power, AC +6, unfitting armour, cold-blooded, deterioration 1, poison
resistance, no potion heal 1
a: Breathe Dispelling Energy


You were on level 6 of the Dungeon.
You visited 1 branch of the dungeon, and saw 6 of its levels.

You collected 150 gold pieces.

Inventory:

Hand Weapons
 a - a +0 dagger
 n - a +0 spear
 p - a +0 hand axe
 E - a +2 dagger of venom (weapon)
Missiles
 c - 117 arrows
 g - 94 stones
 r - 4 atropa-tipped darts
 x - a throwing net
 B - 22 sling bullets
Armour
 b - a +0 hat (worn)
 j - a +0 leather armour
 m - a +0 robe
 q - a +0 chain mail
 u - a +0 leather armour
Jewellery
 f - a +6 ring of intelligence (left hand)
 y - a +6 ring of strength
Scrolls
 e - a scroll of brand weapon {unknown}
 h - a scroll of enchant weapon
 l - a scroll of amnesia {unknown}
 s - a scroll of teleportation
 t - a scroll of vulnerability {unknown}
 w - a scroll of fear {unknown}
 z - a scroll of blinking {unknown}
 A - 2 scrolls of fog {unknown}
Potions
 d - 2 potions of degeneration {unknown}
 i - a potion of resistance {unknown}
 k - a potion of flight
 v - a potion of cancellation {unknown}
 C - a potion of mutation
 F - a potion of might {unknown}


   Skills:
 * Level 2.3 Fighting
 * Level 2.2 Short Blades
 - Level 0.7 Axes
 - Level 1.7 Dodging
 - Level 1.7 Stealth
 * Level 6.6 Spellcasting
 - Level 1.3 Conjurations
 * Level 3.8 Summonings
 - Level 1.0 Translocations


You had 16 spell levels left.
You knew the following spells:

 Your Spells              Type           Power      Damage    Failure   Level
a - Magic Dart            Conj           52%        1d5       4%          1
b - Call Imp              Summ           24%        N/A       2%          2

Your spell library contained the following spells:

 Spells                   Type           Power      Damage    Failure   Level
 Beastly Appendage        Tmut           14%        N/A       9%          1
 Slow                     Hex            28%        N/A       9%          1
 Blink                    Tloc           22%        N/A       9%          2
 Wereblood                Tmut           7%         N/A       13%         2
 Conjure Flame            Conj/Fire      10%        6-21      21%         3
 Mephitic Cloud           Conj/Pois/Air  9%         N/A       22%         3
 Spider Form              Tmut/Pois      7%         N/A       26%         3


Dungeon Overview and Level Annotations

Branches:
Dungeon (6/15)
 Temple: D:4-7

Altars:
Okawaru
Yredelemnul
The Shining One

Shops:
D:2 *


Innate Abilities, Weirdness & Mutations

You can breathe bolts of dispelling energy.
Your rich purple scales are hard. (AC +6)
You cannot fit into any form of body armour.
You are cold-blooded and may be slowed by cold attacks.
Your body sometimes deteriorates upon taking damage.
Your system is resistant to poisons. (rPois)
Potions are less effective at restoring your health.


Message History

Your crimson imp closely misses the orc priest.
The jelly hits you but does no damage.
You hit the jelly.
Your hands burn!
You punch the jelly.
The jelly is heavily wounded.
The orc priest hits your crimson imp with a +0 club.
Your crimson imp barely misses the orc priest.
The jelly hits you but does no damage.
You hit the jelly.
Your hands burn!
Your punch misses the jelly.
The jelly is severely wounded.
The orc priest closely misses your crimson imp.
Your crimson imp blinks!
The jelly barely misses you.
You are too injured to fight recklessly!
Unknown command.
Unknown command.
You are too injured to fight recklessly!
Unknown command.
Unknown command.
Casting: Call Imp (safe; 2% risk of failure)
Confirm with . or Enter, or press ? or * to list all spells.
A beastly little devil appears in a puff of flame.
The jelly barely misses you. The jelly misses you.
Your crimson imp blinks!
The jelly closely misses you.
You hit the jelly.
Your hands burn!
* * * LOW HITPOINT WARNING * * *
The jelly is lightly wounded.
You hit the jelly.
Your hands burn!
* * * LOW HITPOINT WARNING * * *
The jelly is lightly wounded.
The jelly hits you but does no damage. x2
Found 13 gold pieces.
The jelly hits you.
* * * LOW HITPOINT WARNING * * *
You are splashed with acid!
* * * LOW HITPOINT WARNING * * *
Found an escape hatch in the ceiling.
Your crimson imp blinks!
There is a stone staircase leading down here.
You hit the jelly.
Your hands burn!
You die...

...<.....# #
...$..... .#
......... .# ...≈≈
........... ....P
........#. ....≈P
......... ....≈≈ #
#....### #...≈≈≈
##.#...@..##....PP≈
#.(...JJ#o.#....≈PP
≈PPP............#
P≈≈≈≈....#......#
≈♣P≈≈≈≈P<#....###
♣♣♣♣≈P#.........
♣P≈≈...........
♣≈≈P.5..........
♣♣P.#[.#........


You could see 2 jellies, an orc priest and a friendly crimson imp (summoned).

Vanquished Creatures
  An ogre (D:4)
  A phantom (D:4)
  A scorpion (D:4)
  A wyvern skeleton (D:6)
  A hound (D:4)
  An orc priest (D:3)
  6 orcs
  8 endoplasms
  A giant cockroach (D:1)
  2 goblins
  7 hobgoblins
  4 jackals (D:2)
  2 quokkas
  10 ball pythons
  3 bats
  5 frilled lizards
  3 kobolds
  5 rats
62 creatures vanquished.

Vanquished Creatures (collateral kills)
  A necrophage (D:4)
  An orc priest (D:4)
  5 orcs
  A ball python (D:4)
  A bat (D:3)
  An endoplasm (D:4)
  A giant cockroach (D:3)
  2 goblins (D:4)
  A kobold (D:3)
  A quokka (D:3)
15 creatures vanquished.

Vanquished Creatures (others)
  3 plants (D:6)
3 creatures vanquished.

Grand Total: 80 creatures vanquished

Notes
Turn   | Place    | Note
-------+----------+-------------------------------------------
     0 | D:1      | jimonade the Draconian Hedge Wizard began the quest for the
                  | Orb.
     0 | D:1      | Reached XP level 1. HP: 14/14 MP: 4/4
   340 | D:1      | Found a faded altar of an unknown god.
   687 | D:1      | Reached XP level 2. HP: 20/20 MP: 4/6
  1446 | D:2      | Found Zeacw's General Store.
  1667 | D:2      | Reached XP level 3. HP: 18/27 MP: 4/8
  1823 | D:2      | Learned a level 2 spell: Call Imp
  3373 | D:3      | Reached skill level 4 in Spellcasting
  3690 | D:3      | Reached skill level 1 in Fighting
  3690 | D:3      | Reached skill level 1 in Short Blades
  3690 | D:3      | Reached XP level 4. HP: 9/35 MP: 10/10
  4146 | D:3      | Found a glowing golden altar of the Shining One.
  4206 | D:4      | Noticed an ogre
  4230 | D:4      | Killed an ogre
  4231 | D:4      | Reached XP level 5. HP: 36/40 MP: 1/11
  4513 | D:4      | Found a basalt altar of Yredelemnul.
  4651 | D:4      | Reached XP level 6. HP: 46/48 MP: 13/13
  4824 | D:4      | Reached skill level 5 in Spellcasting
  5215 | D:4      | Gained mutation: Your body sometimes deteriorates upon
                  | taking damage. [potion of mutation]
  5215 | D:4      | Gained mutation: Potions are less effective at restoring
                  | your health. [potion of mutation]
  5215 | D:4      | Gained mutation: Your system is resistant to poisons.
                  | (rPois) [potion of mutation]
  5745 | D:4      | Found an iron altar of Okawaru.
  5848 | D:5      | Entered Level 5 of the Dungeon
  5883 | D:5      | Noticed a wraith
  5908 | D:6      | Your scales start taking on a rich purple colour.
  5908 | D:6      | Reached skill level 6 in Spellcasting
  5908 | D:6      | Reached XP level 7. HP: 27/55 MP: 12/16
  5919 | D:6      | HP: 2/55 [acid (9)]
  5921 | D:6      | Splashed by a jelly's acid

Illustrated notes

Levels and vault maps discovered:
D:1:      dpeg_arrival_more_subterranean_lakeside_camping, layout_basic,
          hellmonk_ecumenical_altar_lost_god, minmay_shallow_snake_nest
D:2:      layout_basic, serial_shops, shop
D:3:      layout_loops_corners, lemuel_coloured_pillars_altar
D:4:      layout_loops_ring, old_standard_altar, marbit_many_paths
D:5:      minmay_spotlight, layout_basic, minmay_joined_circles
D:6:      layout_rooms, kennysheep_mini_moat, minmay_temple_entry_butterflies,
          serial_bayou, serial_bayou_crossing, serial_bayou_lagoon_a,
          serial_bayou_pond_c, serial_bayou_shore_a, serial_bayou_pond_c,
          serial_bayou_pond_a, uniq_crazy_yiuf_cottage, uniq_eustachio,
          uniq_sigmund

Skill      XL: |  1  2  3  4  5  6 |
---------------+-------------------+-----
Spellcasting   | 4 6 |  6.6
Fighting       | 1 2 |  2.3
Short Blades   | 1 2 |  2.2
Summonings     | 2 3 |  3.8
Axes           | |  0.7
Dodging        | |  1.7
Stealth        | |  1.7
Conjurations   | |  1.3
Translocations | |  1.0

Action                   |  1- 3 |  4- 6 |  7- 9 || total
-------------------------+-------+-------+-------++-------
Melee: Dagger            |    53 |    89 |     8 ||   150
       Tailslap          |     8 |    10 |       ||    18
       Punch             |     1 |     1 |     1 ||     3
       Hand axe          |    31 |       |       ||    31
 Cast: Magic Dart        |    77 |       |       ||    77
       Call Imp          |    11 |    27 |     1 ||    39
  Use: Potion            |       |     5 |       ||     5
       Scroll            |       |     2 |       ||     2
Armor: Skin              |    32 |    25 |     6 ||    63
Dodge: Dodged            |    56 |    43 |     4 ||   103
